[ AOE2 MATCH · #488590728 ]
UnrankedAztecs vs Japanese
Player's team · LOSS
[ REPLAY ANALYSIS · EXTRACTED FROM THE RECORDED GAME ]
Feudal
7:37
Castle
11:13
Imperial
25:22
| APM avg | 52.5 |
| APM peak | 95 |
| eAPM avg | 35.7 |
| Villagers / military | 190 / 205 |
Focus
⚔️ 31.8% · 🌾 68.2%
Eagle Scout ×115 · Skirmisher ×52 · Trade Cart ×22 · Jaguar Warrior ×20 · Militia ×13 · Trebuchet (Packed) ×5
Feudal
6:23
Castle
11:15
Imperial
27:03
| APM avg | 40.0 |
| APM peak | 66 |
| eAPM avg | 27.7 |
| Villagers / military | 180 / 131 |
Focus
⚔️ 49.1% · 🌾 50.9%
Cavalry Archer ×87 · Samurai ×43 · Trade Cart ×4 · Trebuchet (Packed) ×1
Feudal
6:49
Castle
10:55
Imperial
24:43
| APM avg | 50.4 |
| APM peak | 96 |
| eAPM avg | 29.7 |
| Villagers / military | 169 / 176 |
Focus
⚔️ 36.4% · 🌾 63.6%
Hand Cannoneer ×130 · Skirmisher ×35 · Bombard Cannon ×7 · Hussite Wagon ×3 · Monk ×1
Feudal
6:46
Castle
10:42
Imperial
23:03
| APM avg | 36.7 |
| APM peak | 80 |
| eAPM avg | 26.2 |
| Villagers / military | 170 / 293 |
Focus
⚔️ 45.8% · 🌾 54.2%
Archer ×153 · Skirmisher ×127 · Trade Cart ×15 · Trebuchet (Packed) ×11 · Berserk ×2
Feudal
7:36
Castle
11:15
Imperial
24:32
| APM avg | 29.1 |
| APM peak | 58 |
| eAPM avg | 17.6 |
| Villagers / military | 134 / 285 |
Focus
⚔️ 28.4% · 🌾 71.6%
Skirmisher ×159 · Elephant Archer ×83 · Scout Cavalry ×35 · Trebuchet (Packed) ×8 · Trade Cart ×4
Feudal
7:36
Castle
11:09
Imperial
24:40
| APM avg | 27.2 |
| APM peak | 51 |
| eAPM avg | 20.3 |
| Villagers / military | 157 / 56 |
Focus
⚔️ 24.8% · 🌾 75.2%
Unknown (2550) ×65 · Trade Cart ×22 · Mangonel ×15 · Petard ×11 · Skirmisher ×10 · Trebuchet (Packed) ×7
Feudal
6:46
Castle
10:23
Imperial
24:15
| APM avg | 54.7 |
| APM peak | 122 |
| eAPM avg | 36.3 |
| Villagers / military | 168 / 183 |
Focus
⚔️ 50.2% · 🌾 49.8%
Composite Bowman ×160 · Battering Ram ×14 · Trade Cart ×6 · Trebuchet (Packed) ×5 · Monk ×2 · Warrior Priest ×2
Feudal
8:01
Castle
11:56
Imperial
24:10
| APM avg | 48.9 |
| APM peak | 99 |
| eAPM avg | 35.6 |
| Villagers / military | 132 / 257 |
Focus
⚔️ 58.3% · 🌾 41.7%
Serjeant ×237 · Battering Ram ×17 · Trade Cart ×6 · Monk ×1 · Mangonel ×1 · Scout Cavalry ×1
Match map
Initial resources + every placement click. Lines = walls · curves = elevation contours. ◆ gold · ⬟ stone · ● berries · ✦ relic · ◌ wall gap
Your base· ✓ Closed at 11:13 · 0t walls · 9 gate(s)
团团团子's base· ✓ Closed at 11:15 · 0t walls · 7 gate(s)
[JaMx] McLovin's base· ✓ Closed at 10:55 · 0t walls · 6 gate(s)
Tintin's base· ✓ Closed at 10:42 · 0t walls · 6 gate(s)
|FMG| Donde Estan Mis 5 Pizzas's base· ✓ Closed at 11:15 · 0t walls · 7 gate(s)
Mo_Tastic's base· ✓ Closed at 11:09 · 0t walls · 6 gate(s)
|FMG| TINCHO's base· ✓ Closed at 10:23 · 0t walls · 8 gate(s)
[xCs]Vangelis's base· ✓ Closed at 11:56 · 1t walls · 5 gate(s)
Smoothed initial terrain · ◌ = detected wall gap · hover for details
Inputs per minute
— FMG | Camilo - - 团团团子
Build order — FMG | Camilo
First 150 of 546 actions detected
| 0:00 | Create | Villager (Male) |
| 0:01 | Create | Villager (Male) |
| 0:01 | Create | Villager (Male) |
| 0:01 | Create | Villager (Male) |
| 0:02 | Create | Villager (Male) |
| 0:18 | Build | Lumber Camp |
| 1:34 | Create | Villager (Male) |
| 1:56 | Build | Mill |
| 2:03 | Create | Villager (Male) |
| 2:03 | Create | Villager (Male) |
| 2:04 | Create | Villager (Male) |
| 2:11 | Build | House |
| 2:23 | Build | House |
| 3:15 | Create | Villager (Male) |
| 3:24 | Build | Farm |
| 3:28 | Build | Farm |
| 3:34 | Create | Villager (Male) |
| 3:48 | Build | Farm |
| 3:52 | Create | Villager (Male) |
| 4:13 | Build | Farm |
| 4:23 | Create | Villager (Male) |
| 5:01 | Build | Mining Camp |
| 5:02 | Create | Villager (Male) |
| 5:16 | Research | Feudal Age |
| 6:03 | Build | Farm |
| 7:08 | Create | Villager (Male) |
| 7:09 | Create | Villager (Male) |
| 7:37 | Age | Feudal Age |
| 7:41 | Build | Blacksmith |
| 7:57 | Build | Market |
| 8:33 | Research | Castle Age |
| 8:33 | Research | Castle Age |
| 8:47 | Research | Double-Bit Axe |
| 8:47 | Research | Double-Bit Axe |
| 9:35 | Research | Horse Collar |
| 11:13 | Age | Castle Age |
| 11:23 | Build | Town Center |
| 11:24 | Create | Villager (Male) |
| 11:26 | Research | Bow Saw |
| 11:39 | Create | Villager (Male) |
| 11:54 | Create | Villager (Male) |
| 12:09 | Build | Town Center |
| 12:16 | Create | Villager (Male) |
| 12:26 | Create | Villager (Male) |
| 12:26 | Build | Farm |
| 12:31 | Build | Farm |
| 12:32 | Build | Farm |
| 12:50 | Build | Farm |
| 12:52 | Create | Villager (Male) |
| 13:03 | Build | House |
| 13:06 | Create | Villager (Male) |
| 13:11 | Research | Heavy Plow |
| 13:11 | Research | Heavy Plow |
| 13:13 | Create | Villager (Male) |
| 13:23 | Create | Villager (Male) |
| 13:23 | Create | Villager (Male) |
| 13:30 | Build | Lumber Camp |
| 13:31 | Create | Villager (Male) |
| 13:37 | Create | Villager (Male) |
| 13:40 | Build | Farm |
| 13:43 | Build | Farm |
| 13:51 | Create | Villager (Male) |
| 13:55 | Build | Farm |
| 14:03 | Create | Villager (Male) |
| 14:15 | Build | Farm |
| 14:22 | Create | Villager (Male) |
| 14:28 | Create | Villager (Male) |
| 14:29 | Build | Farm |
| 14:32 | Build | Farm |
| 14:34 | Build | Farm |
| 14:34 | Create | Villager (Male) |
| 14:37 | Build | Farm |
| 14:39 | Build | Farm |
| 14:43 | Create | Villager (Male) |
| 14:49 | Build | Farm |
| 14:51 | Build | Farm |
| 14:54 | Build | Farm |
| 14:55 | Create | Villager (Male) |
| 14:57 | Build | Farm |
| 15:12 | Build | Farm |
| 15:18 | Build | Farm |
| 15:18 | Create | Villager (Male) |
| 15:18 | Create | Villager (Male) |
| 15:24 | Create | Villager (Male) |
| 15:25 | Create | Villager (Male) |
| 15:27 | Build | Farm |
| 15:33 | Build | Farm |
| 15:35 | Create | Villager (Male) |
| 15:35 | Create | Villager (Male) |
| 15:37 | Build | Farm |
| 15:41 | Build | Farm |
| 15:47 | Build | Farm |
| 15:50 | Create | Villager (Male) |
| 15:52 | Build | Farm |
| 15:55 | Create | Villager (Male) |
| 15:55 | Create | Villager (Male) |
| 15:59 | Build | Farm |
| 16:01 | Create | Villager (Male) |
| 16:01 | Create | Villager (Male) |
| 16:02 | Create | Villager (Male) |
| 16:02 | Create | Villager (Male) |
| 16:20 | Create | Villager (Male) |
| 16:21 | Create | Villager (Male) |
| 16:23 | Create | Villager (Male) |
| 16:23 | Create | Villager (Male) |
| 16:31 | Create | Villager (Male) |
| 16:34 | Build | Town Center |
| 16:39 | Create | Villager (Male) |
| 16:44 | Build | Farm |
| 16:50 | Research | Wheelbarrow |
| 16:51 | Research | Wheelbarrow |
| 16:53 | Build | Farm |
| 16:56 | Create | Villager (Male) |
| 16:57 | Create | Villager (Male) |
| 17:04 | Create | Villager (Male) |
| 17:11 | Create | Villager (Male) |
| 17:12 | Create | Villager (Male) |
| 17:23 | Build | Farm |
| 17:28 | Build | Farm |
| 17:30 | Build | Farm |
| 17:31 | Create | Villager (Male) |
| 17:32 | Build | Farm |
| 17:38 | Build | Farm |
| 17:41 | Build | House |
| 17:42 | Build | House |
| 17:46 | Research | Town Watch |
| 17:47 | Create | Villager (Male) |
| 17:55 | Build | Farm |
| 18:03 | Create | Villager (Male) |
| 18:09 | Create | Villager (Male) |
| 18:14 | Research | Hand Cart |
| 18:14 | Create | Villager (Male) |
| 18:27 | Create | Villager (Male) |
| 18:29 | Create | Villager (Male) |
| 18:35 | Build | Farm |
| 18:37 | Build | Farm |
| 18:40 | Build | House |
| 18:40 | Build | House |
| 18:42 | Create | Villager (Male) |
| 18:47 | Build | House |
| 18:48 | Build | House |
| 18:49 | Build | House |
| 18:50 | Create | Villager (Male) |
| 19:02 | Build | Stone Wall |
| 19:04 | Create | Villager (Male) |
| 19:09 | Build | Mining Camp |
| 19:11 | Create | Villager (Male) |
| 19:11 | Create | Villager (Male) |
| 19:14 | Build | Farm |
| 19:17 | Build | Farm |
Build order — 团团团子
First 150 of 414 actions detected
| 0:02 | Create | Villager (Male) ×4 |
| 1:16 | Create | Villager (Male) |
| 1:41 | Build | Lumber Camp |
| 1:44 | Create | Villager (Male) |
| 2:20 | Create | Villager (Male) |
| 2:25 | Build | Mill |
| 2:50 | Create | Villager (Male) |
| 3:17 | Create | Villager (Male) |
| 3:40 | Create | Villager (Male) |
| 3:59 | Build | Farm |
| 4:04 | Build | Mining Camp |
| 4:13 | Research | Feudal Age |
| 4:20 | Build | Farm |
| 4:52 | Create | Villager (Male) |
| 5:36 | Build | Farm |
| 6:12 | Create | Villager (Male) |
| 6:23 | Age | Feudal Age |
| 6:25 | Create | Villager (Male) |
| 6:36 | Build | Market |
| 7:32 | Create | Villager (Male) |
| 7:38 | Build | Blacksmith |
| 8:03 | Create | Villager (Male) |
| 8:35 | Research | Castle Age |
| 8:35 | Research | Castle Age |
| 8:43 | Research | Horse Collar |
| 8:43 | Research | Horse Collar |
| 9:50 | Research | Loom |
| 10:02 | Create | Villager (Male) |
| 10:04 | Research | Double-Bit Axe |
| 10:04 | Research | Double-Bit Axe |
| 10:06 | Research | Gold Mining |
| 10:06 | Research | Gold Mining |
| 11:15 | Age | Castle Age |
| 11:17 | Create | Villager (Male) |
| 11:23 | Build | Town Center |
| 11:34 | Research | Bow Saw |
| 11:34 | Research | Bow Saw |
| 11:39 | Create | Villager (Male) |
| 11:50 | Build | Town Center |
| 11:54 | Create | Villager (Male) |
| 12:24 | Build | Town Center |
| 12:26 | Create | Villager (Male) |
| 12:44 | Create | Villager (Male) |
| 12:47 | Research | Bow Saw |
| 12:47 | Research | Bow Saw |
| 12:48 | Create | Villager (Male) |
| 12:49 | Build | Farm |
| 12:57 | Research | Wheelbarrow |
| 13:01 | Create | Villager (Male) |
| 13:14 | Create | Villager (Male) |
| 13:29 | Build | Lumber Camp |
| 13:32 | Create | Villager (Male) |
| 13:41 | Create | Villager (Male) |
| 13:45 | Build | Farm |
| 13:47 | Build | Farm |
| 14:04 | Build | Farm |
| 14:08 | Build | Farm |
| 14:10 | Create | Villager (Male) |
| 14:21 | Build | Farm |
| 14:22 | Build | Farm |
| 14:34 | Build | Farm |
| 14:36 | Create | Villager (Male) |
| 14:36 | Create | Villager (Male) |
| 14:48 | Build | Farm |
| 14:52 | Build | Farm |
| 14:57 | Build | Farm |
| 15:05 | Build | Farm |
| 15:06 | Build | Farm |
| 15:10 | Build | Farm |
| 15:12 | Create | Villager (Male) ×2 |
| 15:26 | Build | Monastery |
| 15:33 | Create | Villager (Male) |
| 15:33 | Create | Villager (Male) |
| 15:42 | Build | House |
| 15:47 | Build | House |
| 15:53 | Create | Villager (Male) ×2 |
| 16:00 | Create | Villager (Male) |
| 16:00 | Create | Villager (Male) |
| 16:10 | Create | Villager (Male) |
| 16:10 | Create | Villager (Male) |
| 16:21 | Create | Villager (Male) ×2 |
| 16:22 | Create | Villager (Male) |
| 16:23 | Build | Farm |
| 16:33 | Build | Town Center |
| 16:42 | Create | Villager (Male) ×2 |
| 16:43 | Create | Villager (Male) |
| 16:50 | Create | Villager (Male) |
| 16:51 | Create | Villager (Male) |
| 16:54 | Create | Villager (Male) |
| 16:54 | Create | Villager (Male) |
| 17:05 | Build | Town Center |
| 17:07 | Create | Villager (Male) |
| 17:08 | Create | Villager (Male) |
| 17:15 | Build | Farm |
| 17:17 | Build | Farm |
| 17:19 | Build | Farm |
| 17:21 | Build | Farm |
| 17:25 | Create | Villager (Male) ×2 |
| 17:25 | Create | Villager (Male) |
| 17:32 | Create | Villager (Male) |
| 17:32 | Create | Villager (Male) |
| 17:42 | Create | Villager (Male) |
| 17:43 | Create | Villager (Male) |
| 17:52 | Create | Villager (Male) ×2 |
| 17:53 | Create | Villager (Male) |
| 17:58 | Build | Farm |
| 17:59 | Build | Farm |
| 18:00 | Build | Farm |
| 18:02 | Create | Villager (Male) |
| 18:02 | Create | Villager (Male) |
| 18:04 | Build | Farm |
| 18:05 | Build | Farm |
| 18:15 | Create | Villager (Male) |
| 18:17 | Build | Mining Camp |
| 18:18 | Create | Villager (Male) |
| 18:23 | Create | Villager (Male) |
| 18:24 | Create | Villager (Male) |
| 18:28 | Build | House |
| 18:30 | Build | House |
| 18:31 | Build | House |
| 18:33 | Create | Villager (Male) |
| 18:33 | Create | Villager (Male) |
| 18:35 | Create | Villager (Male) |
| 18:35 | Create | Villager (Male) |
| 18:42 | Build | House |
| 18:43 | Build | House |
| 18:47 | Build | Stone Wall |
| 18:49 | Build | Stone Wall |
| 18:53 | Create | Villager (Male) ×2 |
| 18:55 | Build | Farm |
| 18:55 | Build | Farm |
| 18:55 | Build | Farm |
| 18:58 | Create | Villager (Male) |
| 19:02 | Create | Villager (Male) |
| 19:02 | Create | Villager (Male) |
| 19:12 | Build | Mining Camp |
| 19:15 | Research | Stone Mining |
| 19:15 | Research | Stone Mining |
| 19:19 | Build | Farm |
| 19:20 | Build | Farm |
| 19:22 | Create | Villager (Male) |
| 19:23 | Create | Villager (Male) |
| 19:24 | Create | Villager (Male) |
| 19:27 | Build | Farm |
| 19:29 | Create | Villager (Male) |
| 19:29 | Create | Villager (Male) |
| 19:31 | Build | Farm |
| 19:35 | Create | Villager (Male) |
| 19:39 | Build | Farm |
| 19:50 | Create | Villager (Male) ×3 |
Build order — [JaMx] McLovin
First 150 of 529 actions detected
| 0:02 | Create | Villager (Male) |
| 0:02 | Create | Villager (Male) |
| 0:02 | Create | Villager (Male) |
| 0:03 | Create | Villager (Male) |
| 0:03 | Create | Villager (Male) |
| 0:08 | Build | Lumber Camp |
| 0:17 | Build | Mill |
| 0:59 | Create | Villager (Male) |
| 1:00 | Create | Villager (Male) |
| 1:16 | Build | House |
| 1:30 | Create | Villager (Male) |
| 1:31 | Create | Villager (Male) |
| 1:46 | Build | House |
| 1:55 | Create | Villager (Male) |
| 1:55 | Create | Villager (Male) |
| 2:05 | Create | Villager (Male) |
| 2:06 | Create | Villager (Male) |
| 2:44 | Create | Villager (Male) |
| 2:44 | Create | Villager (Male) |
| 3:31 | Create | Villager (Male) |
| 3:35 | Create | Villager (Male) |
| 4:39 | Research | Feudal Age |
| 4:39 | Research | Feudal Age |
| 5:26 | Create | Villager (Male) |
| 5:26 | Create | Villager (Male) |
| 5:32 | Build | Mining Camp |
| 5:34 | Create | Villager (Male) |
| 5:36 | Create | Villager (Male) |
| 5:36 | Create | Villager (Male) |
| 5:56 | Build | Farm |
| 6:44 | Create | Villager (Male) |
| 6:49 | Age | Feudal Age |
| 6:54 | Build | Blacksmith |
| 7:03 | Build | Market |
| 8:15 | Research | Castle Age |
| 9:13 | Research | Double-Bit Axe |
| 9:14 | Research | Double-Bit Axe |
| 10:17 | Create | Villager (Male) |
| 10:44 | Create | Villager (Male) |
| 10:55 | Age | Castle Age |
| 10:58 | Build | Town Center |
| 11:04 | Create | Villager (Male) |
| 11:11 | Build | Town Center |
| 11:12 | Create | Villager (Male) |
| 11:18 | Create | Villager (Male) |
| 11:24 | Create | Hussite Wagon |
| 11:36 | Create | Villager (Male) |
| 11:43 | Create | Villager (Male) |
| 11:49 | Create | Villager (Male) |
| 11:49 | Create | Villager (Male) |
| 11:50 | Create | Villager (Male) |
| 12:10 | Create | Villager (Male) |
| 12:10 | Create | Villager (Male) |
| 12:42 | Create | Villager (Male) |
| 12:59 | Create | Villager (Male) |
| 12:59 | Create | Villager (Male) |
| 13:01 | Create | Villager (Male) |
| 13:02 | Create | Villager (Male) |
| 13:06 | Build | Farm |
| 13:32 | Build | Archery Range |
| 13:35 | Create | Villager (Male) |
| 13:35 | Create | Villager (Male) |
| 13:37 | Build | Archery Range |
| 13:46 | Research | Loom |
| 13:46 | Research | Loom |
| 13:51 | Create | Villager (Male) |
| 13:52 | Create | Villager (Male) |
| 13:57 | Build | Farm |
| 13:59 | Build | Farm |
| 14:01 | Create | Villager (Male) |
| 14:01 | Create | Villager (Male) |
| 14:07 | Build | Farm |
| 14:09 | Build | Farm |
| 14:17 | Create | Villager (Male) |
| 14:17 | Create | Villager (Male) |
| 14:18 | Create | Villager (Male) |
| 14:23 | Create | Villager (Male) |
| 14:23 | Create | Villager (Male) |
| 14:24 | Create | Villager (Male) |
| 14:25 | Create | Villager (Male) |
| 14:35 | Build | Archery Range |
| 14:44 | Create | Villager (Male) |
| 14:45 | Create | Villager (Male) |
| 14:48 | Build | Farm |
| 14:53 | Build | Farm |
| 14:55 | Create | Villager (Male) |
| 14:55 | Create | Villager (Male) |
| 15:03 | Build | Archery Range |
| 15:05 | Create | Villager (Male) |
| 15:05 | Create | Villager (Male) |
| 15:09 | Build | Archery Range |
| 15:15 | Build | Archery Range |
| 15:17 | Create | Villager (Male) |
| 15:27 | Create | Villager (Male) |
| 15:46 | Research | Bow Saw |
| 15:52 | Create | Villager (Male) |
| 15:54 | Build | Farm |
| 16:01 | Build | Farm |
| 16:04 | Build | Farm |
| 16:05 | Create | Villager (Male) |
| 16:07 | Build | Farm |
| 16:08 | Build | Farm |
| 16:09 | Build | Farm |
| 16:14 | Create | Villager (Male) |
| 16:15 | Create | Villager (Male) |
| 16:19 | Build | House |
| 16:24 | Create | Villager (Male) |
| 16:24 | Create | Villager (Male) |
| 16:31 | Create | Villager (Male) |
| 16:31 | Create | Villager (Male) |
| 16:43 | Build | University |
| 16:47 | Create | Villager (Male) |
| 16:53 | Create | Villager (Male) |
| 16:53 | Create | Villager (Male) |
| 16:58 | Build | Farm |
| 17:01 | Build | Farm |
| 17:01 | Create | Villager (Male) |
| 17:02 | Create | Villager (Male) |
| 17:03 | Build | Farm |
| 17:07 | Research | Horse Collar |
| 17:13 | Build | House |
| 17:14 | Build | House |
| 17:19 | Build | Farm |
| 17:25 | Create | Villager (Male) |
| 17:32 | Create | Villager (Male) |
| 17:38 | Create | Villager (Male) |
| 17:38 | Create | Villager (Male) |
| 17:41 | Build | Monastery |
| 17:44 | Create | Villager (Male) |
| 17:56 | Create | Villager (Male) |
| 17:58 | Build | Farm |
| 18:01 | Build | Farm |
| 18:02 | Create | Villager (Male) |
| 18:15 | Build | House |
| 18:16 | Build | House |
| 18:17 | Build | House |
| 18:20 | Build | House |
| 18:22 | Build | House |
| 18:27 | Build | House |
| 18:31 | Create | Villager (Male) |
| 18:31 | Create | Villager (Male) |
| 18:35 | Create | Villager (Male) |
| 18:38 | Research | Fervor |
| 18:39 | Create | Villager (Male) |
| 18:40 | Create | Villager (Male) |
| 18:44 | Create | Villager (Male) |
| 18:45 | Create | Villager (Male) |
| 18:47 | Build | Farm |
| 18:48 | Build | Farm |
| 18:51 | Build | Farm |
Build order — Tintin
First 150 of 651 actions detected
| 0:01 | Create | Villager (Male) |
| 0:12 | Build | Lumber Camp |
| 0:14 | Create | Villager (Male) |
| 0:14 | Create | Villager (Male) |
| 0:21 | Create | Villager (Male) |
| 0:21 | Create | Villager (Male) |
| 0:30 | Build | Mill |
| 0:57 | Create | Villager (Male) |
| 1:18 | Create | Villager (Male) |
| 1:18 | Create | Villager (Male) |
| 1:39 | Create | Villager (Male) |
| 1:39 | Create | Villager (Male) |
| 2:38 | Create | Villager (Male) |
| 2:38 | Create | Villager (Male) |
| 2:42 | Create | Villager (Male) |
| 2:42 | Create | Villager (Male) |
| 2:47 | Create | Villager (Male) |
| 2:47 | Create | Villager (Male) |
| 2:47 | Create | Villager (Male) |
| 2:48 | Create | Villager (Male) |
| 2:50 | Create | Villager (Male) |
| 3:08 | Create | Villager (Male) |
| 3:51 | Build | Mining Camp |
| 3:59 | Create | Villager (Male) |
| 4:33 | Research | Feudal Age |
| 4:34 | Research | Feudal Age |
| 5:28 | Create | Villager (Male) |
| 5:49 | Build | Farm |
| 6:07 | Create | Villager (Male) |
| 6:46 | Age | Feudal Age |
| 6:52 | Build | Market |
| 7:00 | Build | Blacksmith |
| 8:02 | Research | Castle Age |
| 8:02 | Research | Castle Age |
| 8:32 | Build | Lumber Camp |
| 8:45 | Research | Double-Bit Axe |
| 8:46 | Research | Double-Bit Axe |
| 9:26 | Create | Villager (Male) |
| 10:42 | Age | Castle Age |
| 10:50 | Build | Town Center |
| 10:56 | Build | Town Center |
| 11:02 | Create | Villager (Male) |
| 11:06 | Research | Horse Collar |
| 11:20 | Research | Bow Saw |
| 11:22 | Create | Villager (Male) |
| 11:35 | Build | Farm |
| 11:36 | Create | Villager (Male) |
| 11:45 | Create | Villager (Male) |
| 11:46 | Build | Farm |
| 12:05 | Research | Horse Collar |
| 12:05 | Research | Horse Collar |
| 12:13 | Create | Villager (Male) |
| 12:18 | Create | Villager (Male) |
| 12:20 | Create | Villager (Male) |
| 12:28 | Build | House |
| 12:29 | Build | House |
| 12:31 | Build | Farm |
| 12:40 | Create | Villager (Male) |
| 12:41 | Create | Villager (Male) |
| 12:46 | Build | Farm |
| 12:49 | Build | Farm |
| 12:54 | Create | Villager (Male) |
| 12:54 | Create | Villager (Male) |
| 12:58 | Build | Farm |
| 13:01 | Build | Farm |
| 13:07 | Create | Villager (Male) |
| 13:07 | Create | Villager (Male) |
| 13:07 | Create | Villager (Male) |
| 13:12 | Build | Farm |
| 13:20 | Build | Farm |
| 13:26 | Create | Villager (Male) |
| 13:26 | Create | Villager (Male) |
| 13:29 | Build | Farm |
| 13:30 | Create | Villager (Male) |
| 13:30 | Create | Villager (Male) |
| 13:30 | Create | Villager (Male) |
| 13:36 | Build | Farm |
| 13:44 | Build | Farm |
| 13:51 | Build | House |
| 13:54 | Build | Farm |
| 13:56 | Create | Villager (Male) |
| 13:57 | Create | Villager (Male) |
| 14:04 | Build | Farm |
| 14:05 | Build | Farm |
| 14:06 | Create | Villager (Male) |
| 14:06 | Create | Villager (Male) |
| 14:10 | Build | Farm |
| 14:13 | Build | Farm |
| 14:31 | Build | House |
| 14:36 | Create | Villager (Male) |
| 14:36 | Create | Villager (Male) |
| 14:37 | Create | Villager (Male) |
| 14:45 | Create | Villager (Male) |
| 14:45 | Create | Villager (Male) |
| 14:47 | Create | Villager (Male) |
| 14:47 | Create | Villager (Male) |
| 14:47 | Create | Villager (Male) |
| 14:51 | Build | Farm |
| 14:52 | Build | Farm |
| 14:53 | Create | Villager (Male) |
| 14:54 | Create | Villager (Male) |
| 14:56 | Build | Farm |
| 14:57 | Create | Villager (Male) |
| 14:57 | Create | Villager (Male) |
| 15:07 | Build | House |
| 15:10 | Build | House |
| 15:17 | Build | Farm |
| 15:21 | Build | Farm |
| 15:22 | Create | Villager (Male) |
| 15:22 | Create | Villager (Male) |
| 15:27 | Build | Farm |
| 15:35 | Build | Farm |
| 15:36 | Create | Villager (Male) |
| 15:36 | Create | Villager (Male) |
| 15:36 | Create | Villager (Male) |
| 15:37 | Create | Villager (Male) |
| 15:46 | Build | Farm |
| 15:47 | Create | Villager (Male) |
| 15:47 | Create | Villager (Male) |
| 15:48 | Create | Villager (Male) |
| 15:55 | Build | Lumber Camp |
| 16:00 | Build | Farm |
| 16:07 | Create | Villager (Male) |
| 16:07 | Create | Villager (Male) |
| 16:18 | Create | Villager (Male) |
| 16:18 | Create | Villager (Male) |
| 16:29 | Build | Mining Camp |
| 16:33 | Research | Heavy Plow |
| 16:33 | Research | Heavy Plow |
| 16:34 | Create | Villager (Male) |
| 16:34 | Create | Villager (Male) |
| 16:34 | Create | Villager (Male) |
| 16:34 | Create | Villager (Male) |
| 16:41 | Create | Villager (Male) |
| 16:44 | Build | Farm |
| 16:53 | Build | Farm |
| 17:04 | Create | Villager (Male) |
| 17:08 | Build | Farm |
| 17:10 | Create | Villager (Male) |
| 17:11 | Create | Villager (Male) |
| 17:16 | Create | Villager (Male) |
| 17:16 | Create | Villager (Male) |
| 17:21 | Build | Farm |
| 17:21 | Create | Villager (Male) |
| 17:22 | Create | Villager (Male) |
| 17:22 | Create | Villager (Male) |
| 17:29 | Build | Farm |
| 17:30 | Create | Villager (Male) |
| 17:35 | Build | Farm |
| 17:37 | Build | Farm |
Build order — |FMG| Donde Estan Mis 5 Pizzas
First 150 of 415 actions detected
| 0:01 | Create | Villager (Male) |
| 0:01 | Create | Villager (Male) |
| 0:01 | Create | Villager (Male) |
| 0:02 | Create | Villager (Male) |
| 0:09 | Build | Mill |
| 0:17 | Build | Lumber Camp |
| 1:07 | Create | Villager (Male) |
| 1:27 | Create | Villager (Male) |
| 1:27 | Create | Villager (Male) |
| 2:06 | Create | Villager (Male) |
| 2:06 | Create | Villager (Male) |
| 2:08 | Create | Villager (Male) |
| 2:08 | Create | Villager (Male) |
| 2:31 | Build | House |
| 2:43 | Create | Villager (Male) |
| 3:45 | Create | Villager (Male) |
| 3:48 | Create | Villager (Male) |
| 3:49 | Create | Villager (Male) |
| 4:16 | Build | Mining Camp |
| 4:51 | Create | Villager (Male) |
| 5:16 | Build | Farm |
| 5:24 | Research | Feudal Age |
| 5:40 | Build | Farm |
| 6:41 | Create | Villager (Male) |
| 6:42 | Create | Villager (Male) |
| 6:52 | Build | Farm |
| 7:36 | Age | Feudal Age |
| 7:40 | Build | Market |
| 7:44 | Build | Blacksmith |
| 8:08 | Build | Farm |
| 8:35 | Research | Castle Age |
| 9:02 | Build | Farm |
| 9:06 | Build | Farm |
| 9:09 | Build | Farm |
| 9:23 | Build | Farm |
| 9:44 | Research | Double-Bit Axe |
| 9:49 | Research | Horse Collar |
| 9:49 | Research | Horse Collar |
| 10:35 | Create | Villager (Male) |
| 10:35 | Create | Villager (Male) |
| 10:35 | Create | Villager (Male) |
| 10:41 | Research | Wheelbarrow |
| 11:09 | Create | Villager (Male) |
| 11:11 | Create | Villager (Male) |
| 11:15 | Age | Castle Age |
| 11:18 | Build | Town Center |
| 11:23 | Research | Bow Saw |
| 11:50 | Create | Villager (Male) |
| 12:11 | Create | Villager (Male) |
| 12:22 | Build | Town Center |
| 12:27 | Create | Villager (Male) |
| 12:41 | Build | Farm |
| 12:52 | Research | Heavy Plow |
| 12:53 | Research | Heavy Plow |
| 12:55 | Create | Villager (Male) |
| 13:05 | Build | Farm |
| 13:14 | Create | Villager (Male) |
| 13:14 | Create | Villager (Male) |
| 13:14 | Create | Villager (Male) |
| 13:16 | Create | Villager (Male) |
| 13:19 | Build | Farm |
| 13:30 | Research | Town Watch |
| 13:33 | Create | Villager (Male) |
| 13:48 | Create | Villager (Male) |
| 13:49 | Create | Villager (Male) |
| 14:02 | Create | Villager (Male) |
| 14:11 | Create | Villager (Male) |
| 14:17 | Build | Farm |
| 14:25 | Build | House |
| 14:30 | Create | Villager (Male) |
| 14:37 | Research | Loom |
| 14:39 | Create | Villager (Male) |
| 14:41 | Create | Villager (Male) |
| 14:45 | Build | Farm |
| 15:03 | Build | Town Center |
| 15:06 | Create | Villager (Male) |
| 15:18 | Build | Stone Wall |
| 15:20 | Build | Stone Wall |
| 15:22 | Create | Villager (Male) |
| 15:26 | Build | Farm |
| 15:29 | Create | Villager (Male) |
| 15:30 | Create | Villager (Male) |
| 15:30 | Create | Villager (Male) |
| 15:40 | Create | Villager (Male) |
| 15:41 | Create | Villager (Male) |
| 15:44 | Build | Lumber Camp |
| 15:59 | Create | Villager (Male) |
| 16:10 | Build | House |
| 16:12 | Create | Villager (Male) |
| 16:17 | Create | Villager (Male) |
| 16:22 | Create | Villager (Male) |
| 16:33 | Build | Farm |
| 16:40 | Build | Farm |
| 16:42 | Build | Farm |
| 16:43 | Build | Farm |
| 16:45 | Create | Villager (Male) |
| 16:45 | Create | Villager (Male) |
| 16:46 | Create | Villager (Male) |
| 16:46 | Create | Villager (Male) |
| 16:56 | Build | Farm |
| 16:59 | Build | Farm |
| 17:00 | Create | Villager (Male) |
| 17:00 | Create | Villager (Male) |
| 17:02 | Create | Villager (Male) |
| 17:15 | Build | Stone Wall |
| 17:23 | Build | Stone Wall |
| 17:29 | Build | Gate |
| 17:32 | Research | Wheelbarrow |
| 17:37 | Build | Farm |
| 17:37 | Build | Farm |
| 17:38 | Build | Farm |
| 17:38 | Build | Farm |
| 17:38 | Build | Farm |
| 17:38 | Build | Farm |
| 17:39 | Build | Farm |
| 17:39 | Build | Farm |
| 17:40 | Create | Villager (Male) |
| 17:48 | Create | Villager (Male) |
| 17:48 | Create | Villager (Male) |
| 17:51 | Create | Villager (Male) |
| 17:52 | Create | Villager (Male) |
| 17:55 | Build | House |
| 17:56 | Build | House |
| 17:57 | Build | House |
| 17:59 | Build | House |
| 18:01 | Create | Villager (Male) |
| 18:05 | Create | Villager (Male) |
| 18:05 | Create | Villager (Male) |
| 18:12 | Create | Villager (Male) |
| 18:13 | Create | Villager (Male) |
| 18:18 | Build | Farm |
| 18:21 | Build | Farm |
| 18:21 | Create | Villager (Male) |
| 18:22 | Create | Villager (Male) |
| 18:25 | Build | Farm |
| 18:26 | Create | Villager (Male) |
| 18:29 | Build | Farm |
| 18:30 | Build | Farm |
| 18:31 | Build | Farm |
| 18:35 | Create | Villager (Male) |
| 18:35 | Create | Villager (Male) |
| 18:39 | Create | Villager (Male) |
| 18:55 | Build | Barracks |
| 18:56 | Create | Villager (Male) |
| 18:56 | Create | Villager (Male) |
| 19:01 | Create | Villager (Male) |
| 19:06 | Create | Villager (Male) |
| 19:15 | Build | House |
| 19:16 | Build | House |
| 19:18 | Create | Villager (Male) |
Build order — Mo_Tastic
First 150 of 451 actions detected
| 0:01 | Create | Villager (Male) |
| 0:01 | Create | Villager (Male) |
| 0:01 | Create | Villager (Male) |
| 0:02 | Create | Villager (Male) |
| 0:08 | Build | Settlement |
| 0:53 | Create | Villager (Male) |
| 1:44 | Create | Villager (Male) |
| 2:27 | Create | Villager (Male) |
| 2:27 | Create | Villager (Male) |
| 2:27 | Create | Villager (Male) |
| 2:32 | Create | Villager (Male) |
| 2:32 | Create | Villager (Male) |
| 2:55 | Create | Villager (Male) |
| 3:25 | Build | Settlement |
| 3:30 | Create | Villager (Male) |
| 4:02 | Create | Villager (Male) |
| 4:25 | Build | Farm |
| 4:27 | Build | Farm |
| 4:28 | Build | Farm |
| 4:46 | Build | Farm |
| 5:25 | Research | Feudal Age |
| 5:27 | Build | Settlement |
| 7:35 | Create | Villager (Male) |
| 7:35 | Create | Villager (Male) |
| 7:36 | Age | Feudal Age |
| 7:37 | Build | Market |
| 7:50 | Build | Blacksmith |
| 8:29 | Research | Castle Age |
| 8:29 | Research | Castle Age |
| 9:03 | Research | Double-Bit Axe |
| 9:03 | Research | Double-Bit Axe |
| 9:28 | Research | Horse Collar |
| 9:28 | Research | Horse Collar |
| 11:09 | Age | Castle Age |
| 11:10 | Create | Villager (Male) |
| 11:14 | Build | Town Center |
| 11:18 | Research | Bow Saw |
| 11:18 | Research | Bow Saw |
| 11:24 | Build | Monastery |
| 11:32 | Create | Petard |
| 11:43 | Create | Villager (Male) |
| 12:00 | Create | Villager (Male) |
| 12:10 | Create | Monk |
| 12:18 | Create | Villager (Male) |
| 12:35 | Research | Heavy Plow |
| 12:39 | Create | Villager (Male) |
| 12:45 | Create | Villager (Male) |
| 12:49 | Create | Villager (Male) |
| 12:50 | Create | Villager (Male) |
| 13:03 | Build | Farm |
| 13:09 | Build | Town Center |
| 13:17 | Build | Farm |
| 13:19 | Create | Villager (Male) |
| 13:26 | Build | Farm |
| 13:27 | Create | Villager (Male) |
| 13:41 | Build | Farm |
| 13:42 | Create | Villager (Male) |
| 13:53 | Build | Farm |
| 14:01 | Build | Farm |
| 14:02 | Create | Villager (Male) |
| 14:02 | Create | Villager (Male) |
| 14:07 | Create | Villager (Male) |
| 14:21 | Build | Farm |
| 14:25 | Create | Monk |
| 14:32 | Create | Villager (Male) |
| 14:33 | Build | Farm |
| 14:39 | Create | Villager (Male) |
| 14:39 | Create | Villager (Male) |
| 14:42 | Build | Farm |
| 14:49 | Build | Farm |
| 14:50 | Create | Villager (Male) |
| 14:50 | Create | Villager (Male) |
| 14:58 | Build | Farm |
| 14:59 | Create | Villager (Male) |
| 15:05 | Build | Farm |
| 15:11 | Create | Villager (Male) |
| 15:11 | Create | Villager (Male) |
| 15:15 | Build | Farm |
| 15:21 | Build | Farm |
| 15:23 | Create | Villager (Male) |
| 15:24 | Create | Villager (Male) |
| 15:34 | Create | Villager (Male) |
| 15:38 | Build | Farm |
| 15:42 | Build | Farm |
| 15:43 | Create | Villager (Male) |
| 15:48 | Build | Farm |
| 15:53 | Create | Villager (Male) |
| 15:53 | Create | Villager (Male) |
| 16:00 | Create | Villager (Male) |
| 16:09 | Create | Villager (Male) |
| 16:26 | Create | Villager (Male) |
| 16:27 | Create | Villager (Male) |
| 16:33 | Build | Farm |
| 16:34 | Create | Villager (Male) |
| 16:37 | Create | Villager (Male) |
| 16:46 | Build | Stone Wall |
| 16:48 | Create | Villager (Male) |
| 16:52 | Create | Villager (Male) |
| 16:57 | Build | Farm |
| 16:58 | Build | Farm |
| 17:03 | Build | Farm |
| 17:05 | Build | Farm |
| 17:06 | Build | Farm |
| 17:07 | Build | Farm |
| 17:08 | Create | Villager (Male) |
| 17:09 | Create | Villager (Male) |
| 17:18 | Build | Farm |
| 17:19 | Build | Farm |
| 17:21 | Build | Farm |
| 17:24 | Build | Farm |
| 17:28 | Build | Farm |
| 17:28 | Create | Villager (Male) |
| 17:29 | Create | Villager (Male) |
| 17:31 | Build | Farm |
| 17:32 | Create | Villager (Male) |
| 17:43 | Build | Stone Wall |
| 17:46 | Create | Villager (Male) |
| 17:52 | Build | Farm |
| 17:54 | Create | Villager (Male) |
| 17:58 | Build | Farm |
| 18:02 | Create | Villager (Male) |
| 18:11 | Create | Kamayuk |
| 18:17 | Create | Villager (Male) |
| 18:18 | Create | Villager (Male) |
| 18:18 | Create | Villager (Male) |
| 18:21 | Build | Siege Workshop |
| 18:23 | Create | Villager (Male) |
| 18:29 | Create | Villager (Male) |
| 18:31 | Create | Villager (Male) |
| 18:40 | Build | Settlement |
| 18:40 | Build | Farm |
| 18:41 | Build | Farm |
| 18:41 | Build | Farm |
| 18:41 | Build | Farm |
| 18:42 | Build | Farm |
| 18:42 | Build | Farm |
| 18:42 | Build | Farm |
| 18:42 | Build | Farm |
| 18:43 | Build | Farm |
| 18:43 | Build | Farm |
| 18:44 | Build | Farm |
| 18:44 | Build | Farm |
| 18:44 | Build | Farm |
| 18:45 | Create | Villager (Male) |
| 18:45 | Create | Villager (Male) |
| 18:49 | Build | Farm |
| 18:54 | Build | Farm |
| 18:56 | Create | Villager (Male) |
| 19:28 | Build | Town Center |
| 19:30 | Create | Villager (Male) |
Build order — |FMG| TINCHO
First 150 of 531 actions detected
| 0:01 | Create | Villager (Male) |
| 0:02 | Create | Villager (Male) |
| 0:03 | Create | Villager (Male) |
| 0:03 | Create | Villager (Male) |
| 0:23 | Build | House |
| 0:31 | Build | Mill |
| 0:48 | Build | Mule Cart |
| 1:09 | Create | Villager (Male) |
| 1:29 | Create | Villager (Male) |
| 1:37 | Create | Villager (Male) |
| 1:37 | Create | Villager (Male) |
| 2:05 | Create | Villager (Male) |
| 2:05 | Create | Villager (Male) |
| 2:47 | Create | Villager (Male) |
| 2:47 | Create | Villager (Male) |
| 3:11 | Create | Villager (Male) |
| 3:20 | Create | Villager (Male) |
| 3:24 | Create | Villager (Male) |
| 3:26 | Create | Villager (Male) |
| 3:36 | Create | Villager (Male) |
| 3:36 | Create | Villager (Male) |
| 3:53 | Create | Villager (Male) |
| 4:33 | Research | Feudal Age |
| 4:33 | Research | Feudal Age |
| 4:33 | Research | Feudal Age |
| 5:25 | Build | Farm |
| 5:55 | Create | Villager (Male) |
| 5:56 | Create | Villager (Male) |
| 6:46 | Age | Feudal Age |
| 6:50 | Build | Market |
| 6:58 | Build | Blacksmith |
| 7:44 | Research | Castle Age |
| 7:44 | Research | Castle Age |
| 7:44 | Research | Castle Age |
| 8:16 | Research | Double-Bit Axe |
| 8:16 | Research | Double-Bit Axe |
| 9:52 | Create | Villager (Male) |
| 10:14 | Research | Horse Collar |
| 10:16 | Build | Farm |
| 10:23 | Age | Castle Age |
| 10:26 | Build | Town Center |
| 10:28 | Create | Villager (Male) |
| 10:31 | Build | Farm |
| 10:31 | Build | Farm |
| 10:32 | Build | Farm |
| 10:32 | Build | Farm |
| 10:50 | Create | Villager (Male) |
| 10:55 | Build | Farm |
| 10:55 | Build | Farm |
| 11:14 | Create | Villager (Male) |
| 11:26 | Create | Villager (Male) |
| 11:43 | Build | Monastery |
| 11:45 | Create | Villager (Male) |
| 11:48 | Create | Villager (Male) |
| 11:54 | Create | Villager (Male) |
| 11:55 | Create | Villager (Male) |
| 12:00 | Build | Farm |
| 12:11 | Create | Warrior Priest |
| 12:12 | Create | Warrior Priest |
| 12:24 | Build | Farm |
| 12:32 | Build | Farm |
| 12:38 | Build | Farm |
| 12:39 | Create | Villager (Male) |
| 12:52 | Build | Farm |
| 13:05 | Build | Farm |
| 13:06 | Create | Villager (Male) |
| 13:09 | Create | Villager (Male) |
| 13:13 | Create | Villager (Male) |
| 13:18 | Build | Farm |
| 13:18 | Build | Farm |
| 13:21 | Create | Villager (Male) |
| 13:33 | Build | House |
| 13:38 | Build | House |
| 13:40 | Build | House |
| 13:41 | Create | Villager (Male) |
| 13:51 | Build | Farm |
| 13:57 | Create | Villager (Male) |
| 14:05 | Create | Villager (Male) |
| 14:15 | Build | Town Center |
| 14:16 | Create | Villager (Male) |
| 14:16 | Create | Villager (Male) |
| 14:27 | Create | Villager (Male) |
| 14:37 | Build | Farm |
| 14:39 | Build | Farm |
| 14:41 | Create | Villager (Male) |
| 14:57 | Build | Farm |
| 14:57 | Create | Villager (Male) |
| 15:11 | Research | Bow Saw |
| 15:30 | Build | House |
| 15:31 | Build | House |
| 15:33 | Build | House |
| 15:35 | Build | Farm |
| 15:35 | Build | Farm |
| 15:37 | Create | Villager (Male) |
| 15:40 | Build | Farm |
| 15:42 | Build | Farm |
| 15:47 | Create | Villager (Male) |
| 15:51 | Create | Villager (Male) |
| 15:51 | Create | Villager (Male) |
| 15:57 | Build | Farm |
| 15:57 | Create | Villager (Male) |
| 16:30 | Build | Farm |
| 16:30 | Create | Villager (Male) |
| 16:32 | Build | Farm |
| 16:34 | Build | Farm |
| 16:35 | Create | Villager (Male) |
| 16:37 | Create | Villager (Male) |
| 16:39 | Build | Farm |
| 16:42 | Build | Farm |
| 16:46 | Build | Farm |
| 16:48 | Create | Villager (Male) |
| 17:00 | Create | Villager (Male) |
| 17:02 | Create | Villager (Male) |
| 17:05 | Build | House |
| 17:06 | Build | House |
| 17:10 | Build | House |
| 17:11 | Build | House |
| 17:12 | Create | Villager (Male) |
| 17:14 | Create | Villager (Male) |
| 17:17 | Build | Farm |
| 17:22 | Build | Farm |
| 17:25 | Build | Farm |
| 17:29 | Create | Villager (Male) |
| 17:30 | Create | Villager (Male) |
| 17:43 | Build | Mule Cart |
| 17:47 | Build | Mule Cart |
| 17:48 | Create | Villager (Male) |
| 17:54 | Research | Wheelbarrow |
| 17:54 | Research | Wheelbarrow |
| 18:01 | Build | Farm |
| 18:01 | Create | Villager (Male) |
| 18:06 | Create | Villager (Male) |
| 18:17 | Create | Villager (Male) |
| 18:19 | Create | Villager (Male) |
| 18:26 | Build | Farm |
| 18:28 | Build | Farm |
| 18:30 | Create | Villager (Male) |
| 18:32 | Create | Villager (Male) |
| 18:49 | Create | Villager (Male) |
| 18:52 | Build | Mule Cart |
| 18:58 | Create | Villager (Male) |
| 19:08 | Build | Farm |
| 19:10 | Create | Villager (Male) |
| 19:13 | Build | Farm |
| 19:16 | Build | Farm |
| 19:17 | Build | Farm |
| 19:24 | Build | House |
| 19:24 | Build | House |
| 19:25 | Build | House |
| 19:25 | Create | Villager (Male) |
Build order — [xCs]Vangelis
First 150 of 550 actions detected
| 0:00 | Create | Villager (Male) ×4 |
| 0:11 | Build | Lumber Camp |
| 0:44 | Build | House |
| 0:50 | Create | Villager (Male) |
| 1:28 | Build | Palisade Wall |
| 1:35 | Create | Villager (Male) |
| 1:56 | Build | Mill |
| 1:58 | Create | Villager (Male) |
| 2:48 | Create | Villager (Male) |
| 3:15 | Create | Villager (Male) |
| 3:37 | Create | Villager (Male) |
| 4:07 | Create | Villager (Male) |
| 4:33 | Create | Villager (Male) |
| 4:36 | Build | Farm |
| 4:52 | Build | Farm |
| 4:57 | Create | Villager (Male) |
| 4:58 | Build | Farm |
| 5:05 | Build | Farm |
| 5:24 | Create | Villager (Male) |
| 5:34 | Build | Farm |
| 5:51 | Research | Feudal Age |
| 6:17 | Build | Mining Camp |
| 7:44 | Create | Villager (Male) |
| 7:44 | Create | Villager (Male) |
| 8:01 | Age | Feudal Age |
| 8:02 | Build | Stable |
| 8:07 | Create | Villager (Male) |
| 8:08 | Create | Villager (Male) |
| 8:41 | Build | Blacksmith |
| 9:14 | Research | Castle Age |
| 9:14 | Research | Castle Age |
| 9:16 | Research | Double-Bit Axe |
| 9:31 | Research | Horse Collar |
| 9:54 | Build | Lumber Camp |
| 10:24 | Build | Farm |
| 10:26 | Build | Farm |
| 10:46 | Create | Villager (Male) |
| 11:56 | Age | Castle Age |
| 11:57 | Build | Town Center |
| 11:57 | Create | Villager (Male) |
| 12:07 | Build | Town Center |
| 12:18 | Research | Bow Saw |
| 12:20 | Create | Villager (Male) |
| 12:38 | Research | Wheelbarrow |
| 12:39 | Research | Wheelbarrow |
| 12:40 | Create | Villager (Male) |
| 12:49 | Create | Villager (Male) |
| 12:58 | Create | Villager (Male) |
| 13:08 | Create | Villager (Male) |
| 13:16 | Create | Villager (Male) |
| 13:27 | Build | Farm |
| 13:29 | Build | Farm |
| 13:31 | Build | Farm |
| 13:34 | Create | Villager (Male) |
| 13:38 | Build | Farm |
| 13:41 | Build | Farm |
| 13:45 | Build | Farm |
| 13:48 | Create | Villager (Male) |
| 13:54 | Create | Villager (Male) |
| 14:05 | Build | Palisade Gate |
| 14:09 | Build | House |
| 14:11 | Build | House |
| 14:13 | Create | Villager (Male) |
| 14:32 | Create | Villager (Male) |
| 14:32 | Create | Villager (Male) |
| 14:32 | Create | Villager (Male) |
| 14:40 | Build | Town Center |
| 14:48 | Build | Farm |
| 14:49 | Create | Villager (Male) |
| 14:50 | Build | Farm |
| 14:54 | Create | Villager (Male) |
| 14:59 | Create | Villager (Male) |
| 15:09 | Create | Villager (Male) |
| 15:17 | Build | Outpost |
| 15:18 | Create | Villager (Male) |
| 15:20 | Build | Farm |
| 15:20 | Build | Farm |
| 15:21 | Build | Farm |
| 15:24 | Create | Villager (Male) |
| 15:32 | Build | Monastery |
| 15:34 | Create | Villager (Male) |
| 15:44 | Create | Villager (Male) |
| 15:46 | Build | Farm |
| 15:50 | Build | Farm |
| 15:52 | Create | Villager (Male) |
| 15:54 | Build | Farm |
| 15:55 | Create | Villager (Male) |
| 16:06 | Create | Villager (Male) |
| 16:09 | Build | Farm |
| 16:13 | Build | Farm |
| 16:15 | Create | Villager (Male) |
| 16:22 | Create | Villager (Male) |
| 16:22 | Create | Villager (Male) |
| 16:26 | Build | Farm |
| 16:27 | Build | Farm |
| 16:31 | Create | Villager (Male) |
| 16:36 | Build | Farm |
| 16:39 | Build | Farm |
| 16:42 | Build | Farm |
| 16:42 | Create | Villager (Male) |
| 16:46 | Build | Farm |
| 16:47 | Build | Farm |
| 16:48 | Create | Villager (Male) |
| 16:57 | Build | Lumber Camp |
| 17:00 | Create | Villager (Male) |
| 17:00 | Create | Villager (Male) |
| 17:04 | Build | Farm |
| 17:09 | Create | Villager (Male) |
| 17:17 | Build | Farm |
| 17:17 | Create | Villager (Male) |
| 17:22 | Create | Villager (Male) |
| 17:24 | Create | Villager (Male) |
| 17:25 | Build | Farm |
| 17:27 | Build | Farm |
| 17:28 | Create | Villager (Male) |
| 17:30 | Create | Villager (Male) |
| 17:35 | Build | House |
| 17:35 | Build | House |
| 17:36 | Build | House |
| 17:38 | Create | Villager (Male) |
| 17:41 | Create | Monk |
| 17:47 | Create | Scout Cavalry |
| 17:51 | Build | Farm |
| 17:53 | Build | Farm |
| 17:53 | Create | Villager (Male) |
| 18:00 | Build | House |
| 18:01 | Build | House |
| 18:02 | Build | House |
| 18:03 | Build | House |
| 18:04 | Create | Villager (Male) |
| 18:04 | Create | Villager (Male) |
| 18:07 | Create | Villager (Male) |
| 18:14 | Build | Farm |
| 18:15 | Create | Villager (Male) |
| 18:19 | Build | Farm |
| 18:21 | Build | Farm |
| 18:22 | Create | Villager (Male) |
| 18:28 | Create | Villager (Male) |
| 18:28 | Create | Villager (Male) |
| 18:36 | Build | Lumber Camp |
| 18:40 | Build | Farm |
| 18:40 | Create | Villager (Male) |
| 18:43 | Build | Farm |
| 18:43 | Create | Villager (Male) |
| 18:45 | Create | Villager (Male) |
| 18:55 | Create | Villager (Male) |
| 18:56 | Research | Gold Mining |
| 18:56 | Research | Gold Mining |
| 19:06 | Build | House |
| 19:07 | Build | House |
Match timeline
| 1:28 | [xCs]Vangelis · wall_segment Palisade Wall x1 |
| 6:23 | 团团团子 · age_up feudal |
| 6:46 | Tintin · age_up feudal |
| 6:46 | |FMG| TINCHO · age_up feudal |
| 6:49 | [JaMx] McLovin · age_up feudal |
| 7:36 | Mo_Tastic · age_up feudal |
| 7:36 | |FMG| Donde Estan Mis 5 Pizzas · age_up feudal |
| 7:37 | FMG | Camilo · age_up feudal |
| 7:44 | 团团团子 · first_market_buy 100 food |
| 8:01 | [xCs]Vangelis · age_up feudal |
| 8:02 | [xCs]Vangelis · first_building Stable |
| 10:23 | |FMG| TINCHO · age_up castle |
| 10:42 | Tintin · age_up castle |
| 10:44 | Tintin · first_market_buy 100 food |
| 10:55 | [JaMx] McLovin · age_up castle |
| 11:09 | Mo_Tastic · age_up castle |
| 11:13 | FMG | Camilo · age_up castle |
| 11:15 | 团团团子 · age_up castle |
| 11:15 | |FMG| Donde Estan Mis 5 Pizzas · age_up castle |
| 11:24 | Mo_Tastic · first_building Monastery |
| 11:32 | FMG | Camilo · first_market_sell 100 food |
| 11:43 | |FMG| TINCHO · first_building Monastery |
| 11:56 | [xCs]Vangelis · age_up castle |
| 12:30 | FMG | Camilo · first_market_buy 100 wood |
| 13:00 | |FMG| TINCHO · first_market_buy 100 food |
| 13:32 | [JaMx] McLovin · first_building Archery Range |
| 14:17 | [JaMx] McLovin · first_market_buy 100 food |
| 14:35 | Tintin · first_market_sell 100 wood |
| 14:52 | |FMG| Donde Estan Mis 5 Pizzas · first_market_buy 100 stone |
| 15:18 | |FMG| Donde Estan Mis 5 Pizzas · wall_segment Stone Wall x12 |
| 15:20 | |FMG| Donde Estan Mis 5 Pizzas · wall_segment Stone Wall x1 |
| 15:26 | 团团团子 · first_building Monastery |
| 15:32 | [xCs]Vangelis · first_building Monastery |
| 16:46 | Mo_Tastic · wall_segment Stone Wall x13 |
| 17:15 | |FMG| Donde Estan Mis 5 Pizzas · wall_segment Stone Wall x5 |
| 17:23 | |FMG| Donde Estan Mis 5 Pizzas · wall_segment Stone Wall x13 |
| 17:41 | [JaMx] McLovin · first_building Monastery |
| 17:43 | Mo_Tastic · wall_segment Stone Wall x6 |
| 17:52 | Tintin · first_building Monastery |
| 18:21 | Mo_Tastic · first_building Siege Workshop |
| 18:47 | 团团团子 · wall_segment Stone Wall x25 |
| 18:49 | 团团团子 · wall_segment Stone Wall x1 |
| 18:55 | |FMG| Donde Estan Mis 5 Pizzas · first_building Barracks |
| 19:02 | FMG | Camilo · wall_segment Stone Wall x27 |
| 19:25 | Tintin · wall_segment Stone Wall x1 |
| 19:49 | |FMG| Donde Estan Mis 5 Pizzas · first_building Archery Range |
| 20:07 | 团团团子 · wall_segment Stone Wall x24 |
| 20:23 | [xCs]Vangelis · wall_segment Stone Wall x11 |
| 20:25 | [xCs]Vangelis · wall_segment Stone Wall x4 |
| 20:27 | [xCs]Vangelis · wall_segment Stone Wall x1 |
| 20:42 | FMG | Camilo · first_building Barracks |
| 20:48 | Tintin · first_building Archery Range |
| 21:20 | Mo_Tastic · first_market_sell 100 food |
| 21:39 | Tintin · wall_segment Stone Wall x12 |
| 21:43 | [xCs]Vangelis · first_building Donjon |
| 21:45 | 团团团子 · first_building Castle |
| 21:54 | FMG | Camilo · tribute_sent a jugador 1 |
| 21:54 | FMG | Camilo · tribute_sent a jugador 2 |
| 21:54 | FMG | Camilo · tribute_sent a jugador 3 |
| 21:54 | FMG | Camilo · tribute_sent a jugador 4 |
| 21:54 | FMG | Camilo · tribute_sent a jugador 5 |
| 21:54 | FMG | Camilo · tribute_sent a jugador 6 |
| 21:54 | FMG | Camilo · tribute_sent a jugador 7 |
| 23:03 | Tintin · age_up imperial |
| 23:04 | |FMG| TINCHO · first_building Castle |
| 23:49 | 团团团子 · first_building Barracks |
| 23:56 | 团团团子 · first_building Archery Range |
| 24:10 | [xCs]Vangelis · age_up imperial |
| 24:15 | Mo_Tastic · first_building Castle |
| 24:15 | |FMG| TINCHO · age_up imperial |
| 24:20 | FMG | Camilo · first_building Castle |
| 24:27 | |FMG| TINCHO · first_market_sell 100 food |
| 24:32 | |FMG| Donde Estan Mis 5 Pizzas · age_up imperial |
| 24:40 | Mo_Tastic · age_up imperial |
| 24:43 | [JaMx] McLovin · age_up imperial |
| 24:52 | Mo_Tastic · first_market_buy 100 wood |
| 25:01 | FMG | Camilo · wall_segment Stone Wall x2 |
| 25:22 | FMG | Camilo · age_up imperial |
| 25:37 | 团团团子 · first_building Stable |
| 26:20 | |FMG| Donde Estan Mis 5 Pizzas · first_market_sell 100 food |
| 26:41 | Mo_Tastic · wall_segment Stone Wall x1 |
| 26:42 | Mo_Tastic · wall_segment Stone Wall x1 |
| 26:42 | Mo_Tastic · wall_segment Stone Wall x1 |
| 26:55 | |FMG| Donde Estan Mis 5 Pizzas · first_building Stable |
| 26:59 | [xCs]Vangelis · first_building Siege Workshop |
| 27:03 | 团团团子 · age_up imperial |
| 27:23 | 团团团子 · first_market_sell 100 food |
| 27:31 | Mo_Tastic · first_building Archery Range |
| 29:48 | 团团团子 · tribute_sent a jugador 2 |
| 29:48 | 团团团子 · tribute_sent a jugador 3 |
| 29:48 | 团团团子 · tribute_sent a jugador 4 |
| 29:48 | 团团团子 · tribute_sent a jugador 5 |
| 29:48 | 团团团子 · tribute_sent a jugador 6 |
| 29:48 | 团团团子 · tribute_sent a jugador 7 |
| 29:48 | 团团团子 · tribute_sent a jugador 8 |
| 30:21 | [JaMx] McLovin · first_building Siege Workshop |
| 31:20 | [xCs]Vangelis · first_market_sell 100 food |
| 32:37 | [xCs]Vangelis · tribute_sent a jugador 1 |
| 32:37 | [xCs]Vangelis · tribute_sent a jugador 2 |
| 32:37 | [xCs]Vangelis · tribute_sent a jugador 3 |
| 32:37 | [xCs]Vangelis · tribute_sent a jugador 4 |
| 32:37 | [xCs]Vangelis · tribute_sent a jugador 5 |
| 32:37 | [xCs]Vangelis · tribute_sent a jugador 6 |
| 32:37 | [xCs]Vangelis · tribute_sent a jugador 8 |
| 32:44 | |FMG| TINCHO · first_building Siege Workshop |
| 32:52 | Mo_Tastic · first_building Barracks |
| 32:52 | 团团团子 · tribute_sent a jugador 2 |
| 32:52 | 团团团子 · tribute_sent a jugador 3 |
| 32:52 | 团团团子 · tribute_sent a jugador 4 |
| 32:52 | 团团团子 · tribute_sent a jugador 5 |
| 32:53 | 团团团子 · tribute_sent a jugador 6 |
| 32:53 | 团团团子 · tribute_sent a jugador 7 |
| 32:53 | 团团团子 · tribute_sent a jugador 8 |
| 32:58 | FMG | Camilo · first_building Archery Range |
| 33:24 | Tintin · tribute_sent a jugador 1 |
| 33:24 | Tintin · tribute_sent a jugador 2 |
| 33:24 | Tintin · tribute_sent a jugador 4 |
| 33:24 | Tintin · tribute_sent a jugador 5 |
| 33:24 | Tintin · tribute_sent a jugador 6 |
| 33:24 | Tintin · tribute_sent a jugador 7 |
| 33:24 | Tintin · tribute_sent a jugador 8 |
| 34:21 | [xCs]Vangelis · first_market_buy 100 food |
| 34:47 | Tintin · tribute_sent a jugador 1 |
| 34:47 | Tintin · tribute_sent a jugador 2 |
| 34:47 | Tintin · tribute_sent a jugador 4 |
| 34:47 | Tintin · tribute_sent a jugador 5 |
| 34:47 | Tintin · tribute_sent a jugador 6 |
| 34:47 | Tintin · tribute_sent a jugador 7 |
| 34:47 | Tintin · tribute_sent a jugador 8 |
| 34:59 | [JaMx] McLovin · first_building Stable |
| 35:18 | [xCs]Vangelis · tribute_sent a jugador 1 |
| 35:18 | [xCs]Vangelis · tribute_sent a jugador 2 |
| 35:18 | [xCs]Vangelis · tribute_sent a jugador 3 |
| 35:18 | [xCs]Vangelis · tribute_sent a jugador 4 |
| 35:18 | [xCs]Vangelis · tribute_sent a jugador 5 |
| 35:18 | [xCs]Vangelis · tribute_sent a jugador 6 |
| 35:18 | [xCs]Vangelis · tribute_sent a jugador 8 |
| 35:53 | Mo_Tastic · wall_segment Stone Wall x8 |
| 36:47 | 团团团子 · tribute_sent a jugador 2 |
| 36:47 | 团团团子 · tribute_sent a jugador 3 |
| 36:47 | 团团团子 · tribute_sent a jugador 4 |
| 36:47 | 团团团子 · tribute_sent a jugador 5 |
| 36:47 | 团团团子 · tribute_sent a jugador 6 |
| 36:47 | 团团团子 · tribute_sent a jugador 7 |
| 36:47 | 团团团子 · tribute_sent a jugador 8 |
| 37:29 | [JaMx] McLovin · first_building Castle |
| 38:04 | FMG | Camilo · tribute_sent a jugador 1 |
| 38:04 | FMG | Camilo · tribute_sent a jugador 2 |
| 38:04 | FMG | Camilo · tribute_sent a jugador 3 |
| 38:04 | FMG | Camilo · tribute_sent a jugador 4 |
| 38:04 | FMG | Camilo · tribute_sent a jugador 5 |
| 38:04 | FMG | Camilo · tribute_sent a jugador 6 |
| 38:04 | FMG | Camilo · tribute_sent a jugador 7 |
| 38:21 | Tintin · tribute_sent a jugador 1 |
| 38:21 | Tintin · tribute_sent a jugador 2 |
| 38:21 | Tintin · tribute_sent a jugador 4 |
| 38:21 | Tintin · tribute_sent a jugador 5 |
| 38:21 | Tintin · tribute_sent a jugador 6 |
| 38:21 | Tintin · tribute_sent a jugador 7 |
| 38:21 | Tintin · tribute_sent a jugador 8 |
| 38:29 | [xCs]Vangelis · tribute_sent a jugador 1 |
| 38:29 | [xCs]Vangelis · tribute_sent a jugador 2 |
| 38:29 | [xCs]Vangelis · tribute_sent a jugador 3 |
| 38:29 | [xCs]Vangelis · tribute_sent a jugador 4 |
| 38:29 | [xCs]Vangelis · tribute_sent a jugador 5 |
| 38:29 | [xCs]Vangelis · tribute_sent a jugador 6 |
| 38:29 | [xCs]Vangelis · tribute_sent a jugador 8 |
| 39:01 | |FMG| TINCHO · resign |
[ AI ANALYSIS · 1 CREDIT ]
What really happened in this match?
Wolo.gg analyzes every decision: build order, eco, micro, common mistakes by bracket. Personalized analysis on WhatsApp or Discord in 30 seconds.
Civ guide
Aztecs
Perfil
Jugador #1780624